 Dungeon Crawl Stone Soup version 0.32-a0-875-g23b751d0ae (webtiles) character file.

Game seed: 2832719313440678660

8386 rupin the Thaumaturge (level 11, 0/79 HPs)
             Began as a Djinni Fire Elementalist on Mar 28, 2024.
             Was a Believer of Makhleb.
             Slain by a black mamba (1 damage)
             ... on level 2 of the Lair of Beasts on Mar 31, 2024.
             The game lasted 02:18:45 (11397 turns).

rupin the Thaumaturge (Djinni Fire Elementalist)   Turns: 11397, Time: 02:18:45

Health: 0/79       AC: 11    Str: 12    XL:     11   Next: 54%
Gold:   216        EV: 13    Int: 21    God:    Makhleb [**....] SH:  0 Dex: 20

rFire   + + .        j - +3 dagger of Healing Extermination {vamp, Str+5}
rCold   . . .        (no shield)
rNeg    . . .        s - +1 ring mail {rC+}
rPois   ∞            (no helmet)
rElec   .            (no cloak)
rCorr   .            z - +0 pair of gloves
SInv    .            (boots unavailable)
Will    +....        (no amulet)
Stlth   ++           I - +6 ring of dexterity
HPRegen 0.33/turn    f - +4 ring of protection
MPRegen 0.00/turn

%: infuse magic (-1 HP)
@: about to teleport, flying
A: sickness immunity, fire resistance 2, cold vulnerability 1, float, innate
caster, HP casting, extra vitality 1
a: Renounce Religion, Minor Destruction


You were on level 2 of the Lair of Beasts.
You worshipped Makhleb.
Makhleb was pleased with you.
You visited 3 branches of the dungeon, and saw 13 of its levels.

You collected 684 gold pieces.
You spent 468 gold pieces at shops.

Inventory:

Hand Weapons
 j - the +3 dagger of Healing Extermination (weapon) {vamp, Str+5}
   (You found it on level 3 of the Dungeon)

   Str+5:     It affects your strength (+5).
Missiles
 k - 44 stones (quivered)
 t - a throwing net
 O - 7 poisoned darts
 Q - 3 boomerangs
 V - 6 datura-tipped darts
 X - a curare-tipped dart
Armour
 c - a +0 scale mail
 s - a +1 ring mail of cold resistance (worn)
 w - a +2 robe of cold resistance
 z - a +0 pair of gloves (worn)
 D - a +0 robe
 F - a +0 robe
 G - a +0 robe
 J - a +0 scale mail
 L - a +0 leather armour
 M - a +0 leather armour
 N - a +0 robe
 P - +0 steam dragon scales
 R - a +0 leather armour
Jewellery
 f - a +4 ring of protection (right hand)
 p - a ring of protection from fire
 A - a ring of ice
 I - a +6 ring of dexterity (left hand)
Wands
 e - a wand of paralysis (9)
 q - a wand of flame (14)
 B - a wand of mindburst (5)
 E - a wand of light (13)
 W - a wand of polymorph (4)
Scrolls
 a - a scroll of amnesia
 b - a scroll of immolation {unknown}
 d - 3 scrolls of teleportation
 g - 2 scrolls of enchant weapon {unknown}
 l - 2 scrolls of fog
 m - a scroll of vulnerability {unknown}
 n - a scroll of blinking {unknown}
 r - a scroll of noise
 y - a scroll of revelation
 H - a scroll of acquirement {unknown}
Potions
 h - a potion of curing
 o - 3 potions of brilliance
 v - 2 potions of enlightenment
 x - a potion of berserk rage
 C - a potion of mutation
 Y - a potion of attraction
Miscellaneous
 i - a Gell's gravitambourine (2/2)


   Skills:
 + Level 7.0 Fighting
 + Level 7.2 Dodging
 - Level 1.5 Stealth
 * Level 10.6 Spellcasting
 * Level 10.6 Conjurations
 * Level 10.6 Hexes
 * Level 10.6 Summonings
 * Level 10.6 Necromancy
 * Level 10.6 Translocations
 * Level 10.6 Fire Magic
 * Level 10.6 Ice Magic
 * Level 10.6 Air Magic
 * Level 10.6 Earth Magic
 * Level 10.6 Alchemy
 - Level 6.2 Invocations


You knew the following spells:

 Your Spells              Type           Power      Damage    Failure   Level
a - Foxfire               Conj/Fire      100%       2x1d9     1%          1
b - Scorch                Fire           100%       2d9       1%          2
c - Volatile Blastmotes   Fire/Tloc      100%       2d18      1%          3
d - Inner Flame           Hex/Fire       54%        N/A       1%          3
e - Flame Wave            Conj/Fire      54%        2d13      1%          4
f - Apportation           Tloc           100%       N/A       1%          1
g - Blink                 Tloc           100%       N/A       1%          2
h - Lesser Beckoning      Tloc           100%       N/A       1%          2
i - Teleport Other        Tloc           54%        N/A       1%          3
j - Iskenderun's Mystic   Conj/Tloc      54%        2d12      (+2d61%     4
Your spell library was empty.


Dungeon Overview and Level Annotations

Branches:
Dungeon (10/15)            Temple (1/1) D:6            Lair (1/5) D:8
    Orc (0/2) D:10

Altars:
Ashenzari
Cheibriados
Dithmenos
Elyvilon
Fedhas
Gozag
Hepliaklqana
Makhleb
Nemelex Xobeh
Okawaru
Qazlal
Ru
Trog
Uskayaw
Wu Jian
Yredelemnul
Zin
The Shining One

Shops:
D:5 :   D:7 =

Annotations:
D:1 exclusion: downstairs
D:2 exclusion: downstairs, Terence
D:8 beetle
D:10 Harold


Innate Abilities, Weirdness & Mutations

You are immune to sickness and miasma.
You are immune to poison.
Your flesh is very heat resistant. (rF++)
You are vulnerable to cold. (rC-)
You float through the air rather than walking.
You learn spells naturally, not from books.
Your magical power is your life essence.
You have superior vitality. (+4 MHP)


Message History

A bullfrog and 2 cane toads come into view.
Found 5 stones.
The cane toad croaks.
You hear an angry hiss.
The bullfrog croaks.
The bullfrog hits you but does no damage.
You hear a croak.
Okay, then.
Okay, then.
Okay, then.
Okay, then.
Unknown command.
Unknown command.
Unknown command.
Okay, then.
Unknown command.
Okay, then.
Unknown command.
Unknown command.
Unknown command.
Okay, then.
Casting: Flame Wave (dangerous; 1% risk of failure)
Confirm with . or Enter, or press ? or * to list all spells.
You blink.
A black mamba, a six-headed hydra and 2 bullfrogs come into view.
Found a scroll labelled FEMOOR YXA.
Found two stone staircases leading down.
The bullfrog gives a loud, deep croak!
The six-headed hydra roars!
The cane toad misses you.
The six-headed hydra moves out of view.
As you read the scroll of teleportation, it crumbles to dust.
You feel strangely unstable.
A water moccasin comes into view.
The cane toad stings you but does no damage.
You feel better.
You feel ready to blink again. The black mamba bites you.
The cane toad stings you!
* * * LOW HITPOINT WARNING * * *
The bullfrog hits you but does no damage.
The bullfrog misses you. The cane toad stings you!
* * * LOW HITPOINT WARNING * * *
The black mamba bites you.
You die...

.>. # ... ....
###.###
##.....#### .#.
.........##
#...F#.F#.....#
#.S@F##....#
#....FF....##..#
.....♣...♣....(.#
S....D.>.....#....
?#. .♣...♣...# ...
.. ..........# ###
. .. #...# .# ...
#.### ..


You could see a six-headed hydra, a black mamba, 2 cane toads, a water moccasin
(wandering) and 3 bullfrogs.

Vanquished Creatures
  Fannar (D:10)
  A two-headed ogre (D:7)
  A cane toad (Lair:1)
  A torpor snail (Lair:1)
  2 black mambas (Lair:2)
  A rime drake (Lair:1)
  A komodo dragon (Lair:2)
  A hornet (D:9)
  4 wraiths
  A shadow (D:10)
  A yak (D:8)
  A vampire mosquito (D:8)
  2 steam dragons
  Edmund (D:6)
  4 water moccasins
  2 orc warriors
  3 black bears
  2 ice beasts
  A sky beast (D:6)
  A centaur (D:10)
  2 ogres (D:6)
  3 kobold brigands
  2 phantoms
  4 bullfrogs
  A gnoll sergeant (D:8)
  2 scorpions
  9 wights
  10 killer bees
  2 bombardier beetles
  4 orc priests
  2 jellies
  Jessica (D:2)
  6 iguanas
  6 orc wizards
  5 adders
  3 gnolls (D:8)
  3 shadow imps
  2 white imps
  3 ribbon worms
  3 dart slugs
  25 orcs
  7 ball pythons
  10 endoplasms
  A giant cockroach (D:1)
  6 goblins
  9 hobgoblins
  5 jackals
  13 kobolds
  3 quokkas
  6 bats
  6 frilled lizards
  6 rats (D:1)
202 creatures vanquished.

Vanquished Creatures (collateral kills)
  2 foxfires (D:9)
2 creatures vanquished.

Vanquished Creatures (others)
  652 foxfires
652 creatures vanquished.

Grand Total: 856 creatures vanquished

Notes
Turn   | Place    | Note
-------+----------+-------------------------------------------
     0 | D:1      | rupin the Djinni Fire Elementalist began the quest for the
                  | Orb.
     0 | D:1      | rupin set off with the following spells memorised: Foxfire,
                  | Scorch, Volatile Blastmotes, Inner Flame, Flame Wave.
     0 | D:1      | Reached XP level 1. HP: 15/15 MP: 0/0
   153 | D:1      | Reached XP level 2. HP: 20/21 MP: 0/0
   598 | D:1      | Reached XP level 3. HP: 24/25 MP: 0/0
   598 | D:1      | Learned a level 1 spell: Apportation
  1057 | D:2      | Noticed Jessica
  1155 | D:2      | Noticed Terence
  1295 | D:2      | Killed Jessica
  1296 | D:2      | Reached XP level 4. HP: 28/31 MP: 0/0
  1441 | D:2      | Reached skill level 1 in Fighting
  1933 | D:3      | Identified the +3 dagger of Healing Extermination {vamp,
                  | Str+5}
  1961 | D:3      | Identified the +6 whip of Stickiness {antimagic, rF+++
                  | Str-5 Dex+5}
  2569 | D:3      | Reached XP level 5. HP: 35/37 MP: 0/0
  2569 | D:3      | Learned a level 2 spell: Blink
  2972 | D:3      | Found a hazy altar of Hepliaklqana.
  3255 | D:4      | Reached XP level 6. HP: 40/43 MP: 0/0
  3379 | D:4      | Reached skill level 5 in Spellcasting
  3379 | D:4      | Reached skill level 5 in Conjurations
  3379 | D:4      | Reached skill level 5 in Hexes
  3379 | D:4      | Reached skill level 5 in Summonings
  3379 | D:4      | Reached skill level 5 in Necromancy
  3379 | D:4      | Reached skill level 5 in Translocations
  3379 | D:4      | Reached skill level 5 in Fire Magic
  3379 | D:4      | Reached skill level 5 in Ice Magic
  3379 | D:4      | Reached skill level 5 in Air Magic
  3379 | D:4      | Reached skill level 5 in Earth Magic
  3379 | D:4      | Reached skill level 5 in Alchemy
  3470 | D:4      | Upgraded the game from 0.32-a0-861-g165e151e72 to
                  | 0.32-a0-872-g59262bdc9b
  3891 | D:4      | Found a snail-covered altar of Cheibriados.
  4039 | D:5      | Entered Level 5 of the Dungeon
  4095 | D:5      | Reached XP level 7. HP: 47/49 MP: 0/0
  4095 | D:5      | Learned a level 2 spell: Lesser Beckoning
  4356 | D:5      | Found Qeofueso's Book Shop.
  4441 | D:5      | Found an ornate altar of the Wu Jian Council.
  4442 | D:5      | Found a stormy altar of Qazlal.
  4478 | D:5      | Upgraded the game from 0.32-a0-872-g59262bdc9b to
                  | 0.32-a0-875-g23b751d0ae
  4791 | D:6      | Found a staircase to the Ecumenical Temple.
  4801 | Temple   | Entered the Ecumenical Temple
  4826 | Temple   | Became a worshipper of Makhleb the Destroyer
  4878 | D:6      | Reached XP level 8. HP: 43/58 MP: 0/0
  4941 | D:6      | Reached skill level 1 in Invocations
  4973 | D:6      | Found a broken altar of Ashenzari.
  5233 | D:6      | Found a white marble altar of Elyvilon.
  5246 | D:6      | Found a sparkling altar of Nemelex Xobeh.
  5537 | D:6      | Noticed Edmund
  5547 | D:6      | Killed Edmund
  5753 | D:6      | Reached XP level 9. HP: 52/62 MP: 0/0
  5753 | D:6      | Learned a level 3 spell: Teleport Other
  6016 | D:7      | Found Vigrei Ylipi's Jewellery Emporium.
  6234 | D:7      | Noticed a two-headed ogre
  6245 | D:7      | Killed a two-headed ogre
  6506 | D:7      | Reached skill level 5 in Invocations
  6887 | D:8      | Reached XP level 10. HP: 64/69 MP: 0/0
  7150 | D:8      | Reached * piety under Makhleb
  7234 | D:8      | Found a glowing silver altar of Zin.
  7255 | D:8      | Reached skill level 5 in Fighting
  7792 | D:8      | Noticed a boulder beetle
  8063 | D:8      | Found a staircase to the Lair.
  8320 | D:9      | Found a bloodstained altar of Trog.
  9425 | D:9      | Reached skill level 10 in Spellcasting
  9425 | D:9      | Reached skill level 10 in Conjurations
  9425 | D:9      | Reached skill level 10 in Hexes
  9425 | D:9      | Reached skill level 10 in Summonings
  9425 | D:9      | Reached skill level 10 in Necromancy
  9425 | D:9      | Reached skill level 10 in Translocations
  9425 | D:9      | Reached skill level 10 in Fire Magic
  9425 | D:9      | Reached skill level 10 in Ice Magic
  9425 | D:9      | Reached skill level 10 in Air Magic
  9425 | D:9      | Reached skill level 10 in Earth Magic
  9425 | D:9      | Reached skill level 10 in Alchemy
  9426 | D:9      | Reached ** piety under Makhleb
 10151 | D:10     | Entered Level 10 of the Dungeon
 10179 | D:10     | Noticed Fannar
 10198 | D:10     | Killed Fannar
 10199 | D:10     | Reached skill level 5 in Dodging
 10199 | D:10     | Reached XP level 11. HP: 51/76 MP: 0/0
 10199 | D:10     | Learned a level 4 spell: Iskenderun's Mystic Blast
 10561 | D:10     | Noticed Harold
 10565 | D:10     | Noticed a two-headed ogre
 10786 | D:7      | Bought a +4 ring of protection for 468 gold pieces
 10809 | Lair:1   | Entered Level 1 of the Lair of Beasts
 11163 | Lair:1   | You are sucked into a shaft and drop 1 floor!
 11395 | Lair:2   | Noticed a six-headed hydra
 11397 | Lair:2   | HP: 1/79 [cane toad (16)]
 11397 | Lair:2   | Slain by a black mamba

Illustrated notes

Levels and vault maps discovered:
D:1:      erik_arrival_blinker_ship, layout_loops_cross
D:2:      layout_basic, minmay_misc_feat_diagonals, uniq_crazy_yiuf_cottage,
          uniq_terence, uniq_jessica
D:3:      minmay_bubble_buster, layout_basic, nzn_hepliaklqana_mist_gate
D:4:      layout_basic, slow_altar_2, chequers_serial_rivers_micro_b
D:5:      layout_rooms, mainiacjoe_overflow_divided_tiny, serial_aquarium,
          aquarium_bridge_square [aquarium_subvault_bridge,
          aquarium_subvault_window, aquarium_subvault_balcony,
          aquarium_subvault_balcony], aquarium_window_fake,
          aquarium_window_fake, aquarium_view_2d, aquarium_pool_five,
          serial_shops, shop
D:6:      layout_gridville, mainiacjoe_overflow_large_starburst,
          nicolae_ashenzari_panopticon, temple_green, uniq_edmund
D:7:      layout_loops_ring, serial_shops, shop
D:8:      cheibrodos_barr_body, layout_layer_cave, mainiacjoe_overflow_alcove_2,
          jmf_multi_god_temple, lair_entry_dummy, uniq_pikel
D:9:      layout_basic, trog_ov_bears_minmay
D:10:     layout_loops_ring, erik_orc_3, uniq_harold, uniq_fannar, uniq_maurice
Temple:   bh_familiar_temple
Lair:1:   layout_cave_pods, serial_bayou_pond_b, grunt_megastairs_4
Lair:2:   layout_roguey, swamp_mist, grunt_megastairs_2, uniq_gastronok,
          uniq_amaemon, uniq_urug

Skill      XL: |  1  2  3  4  5  6  7  8  9 10 11 |
---------------+----------------------------------+-----
Spellcasting   | 4 5 6 7 9 10 | 10.6
Conjurations   | 4 5 6 7 9 10 | 10.6
Hexes          | 4 5 6 7 9 10 | 10.6
Summonings     | 4 5 6 7 9 10 | 10.6
Necromancy     | 4 5 6 7 9 10 | 10.6
Translocations | 4 5 6 7 9 10 | 10.6
Fire Magic     | 4 5 6 7 9 10 | 10.6
Ice Magic      | 4 5 6 7 9 10 | 10.6
Air Magic      | 4 5 6 7 9 10 | 10.6
Earth Magic    | 4 5 6 7 9 10 | 10.6
Alchemy        | 4 5 6 7 9 10 | 10.6
Fighting       | 1 2 4 6 7 |  7.0
Invocations    | 3 5 6 |  6.2
Dodging        | 5 7 |  7.2
Stealth        | |  1.5

Action                     |  1- 3 |  4- 6 |  7- 9 | 10-12 || total
---------------------------+-------+-------+-------+-------++-------
  Throw: Stone             |     1 |     3 |     7 |     4 ||    15
   Cast: Foxfire           |    50 |   109 |    86 |   130 ||   375
         Scorch            |     1 |     8 |    31 |    55 ||    95
         Volatile Blastmot |       |     1 |     9 |    45 ||    55
         Blink             |       |       |     2 |    12 ||    14
         Flame Wave        |       |       |       |    22 ||    22
         Teleport Other    |       |       |       |     3 ||     3
  Evoke: Wand              |       |       |       |     3 ||     3
    Use: Scroll            |       |     6 |       |    16 ||    22
         Potion            |       |       |       |     8 ||     8
 Armour: Robe              |    15 |     1 |       |       ||    16
         Leather armour    |       |     3 |     2 |       ||     5
         Ring mail         |       |       |    21 |    52 ||    73
         Skin              |       |       |       |     8 ||     8
  Dodge: Dodged            |     8 |     9 |    24 |    35 ||    76

Table legend: (Time is in decaauts)
 A = Elapsed time spent in this place.
 B = Non-inter-level travel time spent in this place.
 C = Inter-level travel time spent in this place.
 D = Time resting spent in this place.
 E = Time spent auto-exploring this place.
 F = Levels seen in this place.
 G = Mean time per level.
                   A        B        C        D        E       F      G
               +--------+--------+--------+--------+--------+-----+--------+
         Total |  11396 |  10923 |    473 |   2546 |   4200 |  13 |  876.6 |
       Dungeon |  10748 |  10323 |    425 |   2343 |   4200 |  10 | 1074.8 |
        Temple |     49 |      1 |     48 |      0 |      0 |   1 |   49.0 |
          Lair |    598 |    598 |      0 |    203 |      0 |   2 |  299.0 |
               +--------+--------+--------+--------+--------+-----+--------+

Top non-repeatable levels by time:
     D:9: 2067 daAuts
     D:7: 1283 daAuts
     D:3: 1184 daAuts
     D:8: 1174 daAuts
     D:1: 1088 daAuts
     D:6: 1053 daAuts
     D:2: 978 daAuts
     D:4: 788 daAuts
     D:5: 785 daAuts
  Lair:1: 364 daAuts
    D:10: 345 daAuts
  Lair:2: 233 daAuts
  Temple: 49 daAuts
